 Dungeon Crawl Stone Soup version 0.22-a0-445-g8c8ef71 (webtiles) character file.

31 iamserjio the Chopper (level 3, 0/37 HPs)
             Began as an Ogre Gladiator on June 2, 2018.
             Slain by an adder (2 damage)
             ... on level 2 of the Dungeon.
             The game lasted 00:02:46 (1131 turns).

iamserjio the Chopper (Ogre Gladiator)              Turns: 1131, Time: 00:02:46

Health: 0/37       AC:  3    Str: 18    XL:     3   Next: 22%
Magic:  3/3        EV: 10    Int:  9    God:
Gold:   67         SH:  0    Dex: 11    Spells: 2/2 levels left

rFire    . . .     SeeInvis .   a - +0 war axe
rCold    . . .     Gourm    .   (no shield)
rNeg     . . .     Faith    .   b - +0 robe
rPois    .         Spirit   .   c - +0 hat
rElec    .         Reflect  .   (no cloak)
rCorr    .         Harm     .   (gloves unavailable)
MR       .....                  (boots unavailable)
Stlth    +.........             (no amulet)
HPRegen  0.12/turn              (no ring)
MPRegen  0.08/turn              (no ring)

@: lethally poisoned (0 -> -14)
A: large, unfitting armour, tough skin 1
a: no special abilities


You were on level 2 of the Dungeon.
You were not hungry.

You visited 1 branch of the dungeon, and saw 2 of its levels.

You collected 67 gold pieces.

Inventory:

Hand Weapons
 a - a +0 war axe (weapon)
Missiles
 d - 3 throwing nets (quivered)
Armour
 b - a +0 robe (worn)
 c - a +0 hat (worn)
Scrolls
 e - a scroll of amnesia {unknown}
 g - 2 scrolls of identify {unknown}
 j - a scroll of blinking {unknown}
 k - a scroll of magic mapping {unknown}
 l - a scroll of fear {unknown}
 n - a scroll of random uselessness {unknown}
Potions
 h - 2 potions of haste {unknown}
 i - a potion of agility {unknown}
 o - a potion of might {unknown}
Comestibles
 f - 3 rations
 m - a chunk of flesh


   Skills:
 + Level 3.3 Fighting
 * Level 3.6 Axes
 - Level 2.0 Throwing
 + Level 3.0 Dodging


You had 2 spell levels left.
You didn't know any spells.
Your spell library was empty.

Dungeon Overview and Level Annotations

Branches:
Dungeon (2/15)

Altars:
Cheibriados
Elyvilon


Innate Abilities, Weirdness & Mutations

You are too large for most types of armour.
You have tough skin. (AC +1)


Message History

You closely miss the adder.
The adder is heavily wounded.
You feel sick. The adder bites you.
* * * LOW HITPOINT WARNING * * *
The adder bites you.
* * * LOW HITPOINT WARNING * * *
You barely miss the adder.
The adder is heavily wounded.
* * * LOW HITPOINT WARNING * * *
You feel sick. The adder bites you.
* * * LOW HITPOINT WARNING * * *
You are more poisoned.
The adder poisons you! The adder misses you.
* * * LOW HITPOINT WARNING * * *
You feel sick.
You closely miss the adder.
The adder is heavily wounded.
* * * LOW HITPOINT WARNING * * *
You feel sick. The adder bites you.
You die...

#..................#
#......#)#.#.#.#.#.#
#..................########
#........⌠.....⌠...........
#..........._.......#######
#........⌠.....⌠...##
.##.................#
........#.#.#.#.#.#.#
####.##....@S.......#
##..........)...#########
#.≈≈≈.########..........#
#≈≈≈≈≈.......#..........#
#≈≈.≈≈..................#
#≈≈≈≈≈(......#..........#
##≈≈≈........#..........#
##_#........#..........#
##############.########


You could see an adder.

Vanquished Creatures
  A worm (D:2)
  2 dart slugs
  A leopard gecko (D:1)
  2 bats (D:1)
  A goblin (D:2)
  A hobgoblin (D:1)
  7 jackals (D:1)
  2 frilled lizards (D:1)
  2 kobolds
  3 rats (D:1)
22 creatures vanquished.

Notes
Turn   | Place    | Note
-------+----------+-------------------------------------------
     0 | D:1      | iamserjio the Ogre Gladiator began the quest for the Orb.
     0 | D:1      | Reached XP level 1. HP: 22/22 MP: 1/1
   263 | D:1      | Reached XP level 2. HP: 27/31 MP: 2/2
  1024 | D:2      | Found a snail-covered altar of Cheibriados.
  1032 | D:2      | Reached XP level 3. HP: 37/37 MP: 3/3
  1046 | D:2      | Found a white marble altar of Elyvilon.
  1131 | D:2      | Slain by an adder

Vault maps used:
D:1:      dpeg_arrival_three_same_balls, minmay_misc_feat_hallway,
          hangedman_abyss_or_decor_lesser_grid
D:2:      elyvilon_altar_5, first_ration, kennysheep_slug_shrine, uniq_robin,
          uniq_jessica

Skill      XL: |  1  2 |
---------------+-------+-----
Fighting       | 3 |  3.3
Dodging        | 3 |  3.0
Axes           | |  3.6
Throwing       | |  2.0

Action                   || total
-------------------------++-------
Melee: War axe           ||    60
  Eat: Chunk             ||     1
Armor: Robe              ||    15
Dodge: Dodged            ||    46

Table legend:
 A = Spawn XP
 B = Non-spawn XP
 C = Spawn XP percentage of total XP
 D = Spawn monster count
 E = Non-spawn monster count
 F = Spawn count percentage of total count
 G = Total turns spent on level
                    A         B        C        D         E        F      G
               +---------+---------+-------+---------+---------+-------+---------
         Total |       0 |      45 |   0.0 |       0 |      22 |   0.0 |  1131
               +---------+---------+-------+---------+---------+-------+---------
           D:1 |       0 |      33 |   0.0 |       0 |      18 |   0.0 |   971
           D:2 |       0 |      12 |   0.0 |       0 |       4 |   0.0 |   160
               +---------+---------+-------+---------+---------+-------+---------
